 Dungeon Crawl Stone Soup version 0.29.1-15-g9cfb28693d (webtiles) character file.

Game seed: 9854715494401925356

7201 Peloso the Carver (level 10, -4/91 HPs)
             Began as a Minotaur Fighter on Mar 20, 2023.
             Was an Elder of Okawaru.
             Slain by Sonja
             ... wielding a +2 dagger of distortion
              (12 damage)
             ... on level 10 of the Dungeon.
             The game lasted 00:16:59 (7422 turns).

Peloso the Carver (Minotaur Fighter)                Turns: 7422, Time: 00:17:00

Health: -4/91      AC: 19    Str: 34    XL:     10   Next: 87%
Magic:  9/9        EV:  8    Int:  5    God:    Okawaru [****..]
Gold:   728        SH: 10    Dex: 11    Spells: 9/9 levels left

rFire   . . .      SeeInvis .   a - +0 scimitar (flame)
rCold   . . .      Faith    .   d - +0 kite shield
rNeg    . . .      Spirit   .   K - +0 plate armour
rPois   .          Reflect  .   (helmet restricted)
rElec   .          Harm     .   x - +0 cloak
rCorr   .          Rampage  +   F - +0 pair of gloves
Will    .....                   c - +1 pair of boots
Stlth   ..........              w - amulet of Taprinwo {Rampage Regen+ Str+4}
HPRegen 1.05/turn               f - +6 ring of strength
MPRegen 0.11/turn               (no ring)

@: no status effects
A: horns 2, retaliatory headbutt
a: Renounce Religion, Heroism, Finesse


You were on level 10 of the Dungeon.
You worshipped Okawaru.
Okawaru was greatly pleased with you.
You visited 2 branches of the dungeon, and saw 11 of its levels.
You also visited: Ossuary.

You collected 728 gold pieces.

Inventory:

Hand Weapons
 a - a +0 scimitar of flaming (weapon)
 b - a +1 long sword
Armour
 c - a +1 pair of boots (worn)
 d - a +0 kite shield (worn)
 n - a +0 scale mail
 x - a +0 cloak (worn)
 A - a +0 chain mail
 F - a +0 pair of gloves (worn)
 K - a +0 plate armour (worn)
Jewellery
 f - a +6 ring of strength (left hand)
 w - the amulet of Taprinwo (around neck) {Rampage Regen+ Str+4}
   (You found it on level 3 of the Dungeon)

   [amulet of regeneration]

   Str:       It affects your strength (+4).
   Regen:     It increases your rate of health regeneration.
   Rampage:   It bestows one free step when moving towards enemies.
 G - an amulet of the acrobat
 L - a ring of willpower
Wands
 r - a wand of flame (11)
 J - a wand of mindburst (7)
 N - a wand of paralysis (2)
Scrolls
 k - 6 scrolls of teleportation
 l - a scroll of blinking
 o - 2 scrolls of noise
 p - 2 scrolls of fear
 s - 2 scrolls of brand weapon
 t - 5 scrolls of enchant weapon
 v - 4 scrolls of butterflies
 y - a scroll of poison {unknown}
 B - 4 scrolls of identify
 C - 2 scrolls of amnesia {unknown}
 E - 3 scrolls of immolation {unknown}
Potions
 e - 5 potions of mutation
 g - 3 potions of ambrosia {unknown}
 h - 2 potions of heal wounds
 i - 3 potions of degeneration
 j - a potion of might
 m - 2 potions of haste {unknown}
 q - 2 potions of brilliance {unknown}
 u - 4 potions of attraction {unknown}
 z - 2 potions of cancellation {unknown}
 D - 2 potions of flight {unknown}
 H - 3 potions of berserk rage {unknown}
 I - a potion of lignification {unknown}
 M - a potion of resistance {unknown}


   Skills:
 + Level 9.0 Fighting
 + Level 13.1 Long Blades
 + Level 10.1 Armour
 + Level 4.3 Dodging
 + Level 0.7 Stealth
 + Level 8.0 Shields
 + Level 0.1 Invocations
 + Level 0.4 Evocations


You had 9 spell levels left.
You didn't know any spells.
Your spell library contained the following spells:

 Spells                   Type           Power      Damage    Failure   Level
 Freeze                   Ice            0%         1d3       100%        1
 Shock                    Conj/Air       0%         1d3       100%        1
 Static Discharge         Conj/Air       0%         3-3/arc   100%        2
 Dazzling Flash           Conj/Hex       0%         N/A       100%        3
 Gell's Gravitas          Tloc           0%         N/A       100%        3
 Lesser Beckoning         Tloc           0%         N/A       100%        3
 Swiftness                Air            0%         N/A       100%        3
 Teleport Other           Tloc           0%         N/A       100%        3
 Airstrike                Air            0%         2d(0-16)  100%        4
 Agony                    Necr           0%         N/A       100%        5
 Lightning Bolt           Conj/Air       0%         1d11      100%        5
 Metabolic Englaciation   Hex/Ice        0%         N/A       100%        5
 Silence                  Hex/Air        0%         N/A       100%        5
 Iron Shot                Conj/Erth      0%         9d1       100%        6
 Lehudib's Crystal Spear  Conj/Erth      0%         10d2      100%        8
 Maxwell's Capacitive Co  Air            0%         ∞         100%        8


Dungeon Overview and Level Annotations

Branches:
Dungeon (10/15)            Temple (1/1) D:7             Orc (0/2) D:9
Ossuary (visited)
   Lair: D:8-11

Altars:
Ashenzari
Cheibriados
Elyvilon
Fedhas
Gozag
Hepliaklqana
Kikubaaqudgha
Nemelex Xobeh
Okawaru
Qazlal
Ru
Sif Muna
Trog
Uskayaw
Vehumet
Wu Jian
Xom
Yredelemnul
Zin

Shops:
D:4 =   D:8 (

Annotations:
D:8 1 transporter
D:10 Sonja


Innate Abilities, Weirdness & Mutations

You have a pair of horns on your head.
You reflexively headbutt those who attack you in melee.


Message History

You enter the shallow water.
Moving in this stuff is going to be slow.
You enter the shallow water.
Moving in this stuff is going to be slow.
Found a robe.
Sonja, the Graceful Assassin comes into view.
She is wielding a +2 dagger of distortion and quivering curare-tipped darts.
Sonja casts a spell.
Sonja blinks!
You slash Sonja! You burn Sonja.
Sonja is moderately wounded.
You block Sonja's attack. Sonja hits you but does no damage.
Space warps around you! Sonja hits you but does no damage.
Space warps around you.
Unknown command.
You completely miss Sonja.
Sonja is moderately wounded.
You block Sonja's attack. Sonja barely misses you. You block Sonja's attack.
Sonja hits you but does no damage. Space warps horribly around you!
Sonja hits you but does no damage. Space warps horribly around you!
Sonja hits you but does no damage. Space warps horribly around you!!
Unknown command.
You barely miss Sonja. Your headbutt misses Sonja.
Sonja is moderately wounded.
Sonja hits you with a +2 dagger of distortion.
You block Sonja's attack.
Sonja hits you with a +2 dagger of distortion.
* * * LOW HITPOINT WARNING * * *
Space warps horribly around you!
* * * LOW HITPOINT WARNING * * *
You completely miss Sonja.
Sonja is moderately wounded.
Sonja hits you but does no damage. You block Sonja's attack. x2
Unknown command.
You miss Sonja.
Sonja is moderately wounded.
You block Sonja's attack. Sonja hits you but does no damage.
Space warps around you.
* * * LOW HITPOINT WARNING * * *
Sonja hits you but does no damage. Space warps horribly around you!
You die...

.########.##.....
#..........#......
#.######[)........
#.......))........
#.########.###..#. #.#
#.# #..#. # #.# #.#
####. #####.#.#### #.#
#. ...[..K@#~~## #.####
#.
######..~~~~####.#~~###.
#.~~~~~...#..~~~###
#~~~~~~....~.~~~~##
#~~~~~~##.........#
...~~~~~...#######.~
#...#~~~~#..# ### #.~
#...##~~##..#######.~
#... ######.+.._..'.#


You could see Sonja.

Vanquished Creatures
  A hydra (D:9)
  Erica (D:8)
  A hornet (D:10)
  Prince Ribbit (D:5)
  2 dream sheep (D:9)
  Sigmund (D:2)
  A wyvern (D:10)
  A steam dragon (D:9)
  Duvessa (D:4)
  3 water moccasins
  3 ice beasts
  7 orc warriors
  A black bear (D:5)
  2 sky beasts
  3 ogres
  3 centaurs
  A phantom (D:4)
  4 kobold brigands (D:9)
  2 bullfrogs
  3 necrophages
  3 scorpions (D:5)
  2 gnoll sergeants
  3 wights (D:6)
  Dowan (D:4)
  7 killer bees
  An electric eel (D:10)
  3 jellies
  A gnoll bouda (D:8)
  8 orc priests
  3 hounds
  3 iguanas
  13 orc wizards
  3 mummies
  5 adders
  10 gnolls
  A white imp (D:8)
  4 adder zombies (Ossuary)
  2 dart slugs
  42 orcs
  7 endoplasms
  A giant cockroach (D:4)
  5 goblins
  4 hobgoblins
  5 jackals
  5 quokkas
  2 training dummies (D:4)
  9 ball pythons
  4 bats
  2 frilled lizards
  5 gnoll zombies (Ossuary)
  6 hobgoblin zombies
  7 kobolds
  4 kobold zombies
  4 orc zombies (Ossuary)
  3 rats
230 creatures vanquished.

Vanquished Creatures (others)
  An orc wizard (D:9)
  A plant (D:9)
2 creatures vanquished.

Grand Total: 232 creatures vanquished

Notes
Turn   | Place    | Note
-------+----------+-------------------------------------------
     0 | D:1      | Peloso the Minotaur Fighter began the quest for the Orb.
     0 | D:1      | Reached XP level 1. HP: 19/19 MP: 0/0
   336 | D:1      | Reached XP level 2. HP: 26/27 MP: 1/1
   871 | D:2      | Noticed Sigmund
   892 | D:2      | Killed Sigmund
   893 | D:2      | Reached skill level 3 in Long Blades
   893 | D:2      | Reached skill level 5 in Armour
   893 | D:2      | Reached skill level 1 in Dodging
   893 | D:2      | Reached XP level 3. HP: 13/34 MP: 2/2
   893 | D:2      | Reached XP level 4. HP: 16/41 MP: 3/3
   893 | D:2      | Reached XP level 5. HP: 19/47 MP: 4/4
  1104 | D:2      | Reached skill level 4 in Long Blades
  1241 | D:2      | Identified the +1 robe of Starshine {rCorr}
  1694 | D:3      | Found a faded altar of an unknown god.
  1807 | D:3      | Identified the amulet of Taprinwo {Rampage Regen+ Str+4}
  2163 | D:3      | Found a bloodstained altar of Trog.
  2500 | D:4      | Found Boekudipp's Jewellery Shoppe.
  2631 | D:4      | Reached XP level 6. HP: 51/53 MP: 5/5
  2706 | D:4      | Reached skill level 5 in Long Blades
  2782 | D:4      | Noticed Duvessa
  2782 | D:4      | Noticed Dowan
  2800 | D:4      | Killed Duvessa
  2824 | D:4      | Killed Dowan
  2825 | D:4      | Reached XP level 7. HP: 30/60 MP: 6/6
  2945 | D:4      | Reached skill level 5 in Fighting
  3319 | D:5      | Entered Level 5 of the Dungeon
  3347 | D:5      | Reached skill level 5 in Shields
  3353 | D:5      | Reached skill level 6 in Long Blades
  3502 | D:5      | Reached skill level 7 in Long Blades
  3502 | D:5      | Reached XP level 8. HP: 27/69 MP: 7/7
  3733 | D:5      | Noticed Prince Ribbit
  3752 | D:5      | Killed Prince Ribbit
  3816 | D:6      | Reached skill level 8 in Long Blades
  3996 | D:6      | Found a sand-covered staircase.
  4005 | Ossuary  | Entered an ossuary
  4137 | Ossuary  | Reached skill level 9 in Long Blades
  4554 | D:7      | Reached XP level 9. HP: 77/77 MP: 8/8
  4638 | D:7      | Got the Teachings on Lithic Ice
  4711 | D:7      | Reached skill level 10 in Long Blades
  4946 | D:7      | Found a staircase to the Ecumenical Temple.
  4978 | Temple   | Entered the Ecumenical Temple
  5003 | Temple   | Became a worshipper of Warmaster Okawaru
  5171 | D:8      | Found Xadon's Weapon Shop.
  5204 | D:8      | Reached * piety under Okawaru
  5230 | D:8      | Noticed Erica
  5238 | D:8      | Killed Erica
  5239 | D:8      | Reached skill level 11 in Long Blades
  5242 | D:8      | Reached ** piety under Okawaru
  5383 | D:8      | Found a transporter.
  5384 | D:8      | Found a transporter.
  5393 | D:8      | Found a transporter.
  5397 | D:8      | Found a transporter.
  5690 | D:8      | Reached XP level 10. HP: 86/86 MP: 9/9
  5954 | D:8      | Found a white marble altar of Elyvilon.
  6186 | D:9      | Identified the +7 quarterstaff of the Holding Hawk {pain,
                  | Fly rF+ rN+ rCorr Stlth+}
  6232 | D:9      | Found a sacrificial altar of Ru.
  6301 | D:9      | Reached *** piety under Okawaru
  6302 | D:9      | Reached skill level 12 in Long Blades
  6314 | D:9      | Noticed a three-headed hydra
  6321 | D:9      | Killed a one-headed hydra
  6471 | D:9      | Found a broken altar of Ashenzari.
  6638 | D:9      | Found a hazy altar of Hepliaklqana.
  6638 | D:9      | Found a basalt altar of Yredelemnul.
  6826 | D:9      | Reached **** piety under Okawaru
  6896 | D:9      | Found a staircase to the Orcish Mines.
  6980 | D:10     | Entered Level 10 of the Dungeon
  7008 | D:10     | Reached skill level 13 in Long Blades
  7033 | D:10     | Reached skill level 10 in Armour
  7174 | D:10     | Paralysed by a hornet for 3 turns
  7289 | D:10     | Found a blossoming altar of Fedhas.
  7396 | D:10     | Found an opulent altar of Gozag.
  7417 | D:10     | Noticed Sonja
  7422 | D:10     | Slain by Sonja

Illustrated notes

Levels and vault maps discovered:
D:1:      dpeg_arrival_three_smaller_balls, layout_rooms, grunt_decor_junction
D:2:      wad_river_or_something, layout_rooms, uniq_sigmund
D:3:      layout_loops_ring, mainiacjoe_overflow_alcove_4,
          hellmonk_ecumenical_altar_prayer_group, kennysheep_potato
D:4:      dreamdust_elfheim, layout_gridville, serial_shops,
          nicolae_shop_waterfront
D:5:      layout_rooms, uniq_prince_ribbit1
D:6:      layout_rooms, nicolae_ossuary_entry_giza
D:7:      layout_rooms, minmay_temple_entry_statues_pillars
D:8:      layout_basic, elyvilon_altar_3, serial_shops,
          nicolae_inconvenience_store, st_stairs_14, nicolae_diode_quadrants,
          uniq_erica
D:9:      layout_gridville, nicolae_ru_great_annihilating_truth,
          evilmike_ruin_ashenzari, gammafunk_temple_overflow_elements,
          david_orc_4, hangedman_ranch
D:10:     layout_basic, mainiacjoe_overflow_boulevard, lemuel_doored_altar,
          lair_entry_dummy, nrook_mini_vaults, minivault_11,
          lightli_wizard_tower, uniq_sonja
Temple:   nicolae_temple_great_sept

Skill      XL: |  1  2  3  4  5  6  7  8  9 10 |
---------------+-------------------------------+-----
Armour         | 5 6 7 9 10 | 10.1
Fighting       | 4 5 6 7 9 |  9.0
Long Blades    | 3 4 5 7 9 11 13 | 13.1
Dodging        | 1 2 3 4 |  4.3
Shields        | 4 5 6 8 |  8.0
Stealth        | |  0.7
Invocations    | |  0.1
Evocations     | |  0.4

Action                   |  1- 3 |  4- 6 |  7- 9 | 10-12 || total
-------------------------+-------+-------+-------+-------++-------
Melee: Long sword        |    41 |   107 |   339 |       ||   487
       Headbutt          |     4 |    21 |    63 |    47 ||   135
       Scimitar          |       |       |    32 |   250 ||   282
Invok: Heroism           |       |       |     1 |       ||     1
Evoke: Wand              |       |     2 |       |     3 ||     5
  Use: Potion            |     1 |     3 |     3 |       ||     7
       Scroll            |       |     3 |     6 |       ||     9
 Stab: Paralysed         |       |       |       |     1 ||     1
Armor: Scale mail        |    27 |    55 |    38 |       ||   120
       Chain mail        |       |       |   150 |       ||   150
       Plate armour      |       |       |    18 |   163 ||   181
Dodge: Dodged            |    20 |    40 |   159 |    95 ||   314
Block: Buckler           |     7 |    25 |    67 |    52 ||   151
       Kite shield       |       |       |       |    39 ||    39
